cohdb
Replays
Latest Replays
All Replays
Popular Replays
Top Player Replays
Match Explorer
How It Works
Community
CoH3 Stats
Reddit
Sign in to upload your games and track your stats! →
Sign in with Steam
Match 45455785
Unlisted
Match 45455785
Overview
Messages
Build Orders
End
Royal Engineer Section
Construct Section Command Post
Infantry Section
Infantry Section
ML 3-inch Mortar Team
Selects Canadian Shock Battlegroup
Selects Attacking Spirit
Vickers Machine Gun Team
Construct Platoon Command Post
Selects Canadian Shock Section
Humber Armored Car
Infantry Training
Canadian Shock Section
Selects Incendiary Munitions
Selects Pyrotechnics
Grenade Package
Canadian Shock Section
Selects Churchill Crocodile Heavy Tank
Churchill Crocodile Heavy Tank
Armored Vehicle Training
Selects Point Assault
Point Assault
HulkSMASH
Septimum
Ares
RedLeaderToBase
0
0
Comments
sign in to comment!
No comments posted yet!